 Dungeon Crawl Stone Soup version 0.30-a0-1164-ge08a67761e (webtiles) character file.

Game seed: 12597923781809306081

135812 graymark the Nimble (level 17, -17/162 HPs)
             Began as a Naga Fighter on Apr 29, 2023.
             Was a High Priest of Okawaru.
             Killed from afar by a deep elf annihilator (49 damage)
             ... with a bolt of lightning
             ... on level 3 of the Elven Halls.
             The game lasted 01:46:37 (31639 turns).

graymark the Nimble (Naga Fighter)                 Turns: 31639, Time: 01:46:37

Health: -17/162    AC: 27    Str: 23    XL:     17   Next: 20%
Magic:  3/7        EV: 12    Int:  9    God:    Okawaru [*****.]
Gold:   1181       SH: 18    Dex: 14    Spells: 16/16 levels left

rFire   + + +        P - +5 war axe "Taucze" {antimagic, SInv}
rCold   + . .        V - +2 kite shield
rNeg    . . .        v - +1 ring mail {rC+}
rPois   +            Q - +1 helmet
rElec   .            A - +0 cloak of the Aged Princes {Fly Will+ Int+4 Slay+2}
rCorr   .            g - +0 pair of gloves
SInv    +            j - +0 barding of the Plum {rF+++ Int-4 Slay+5 Stlth-}
Will    ++++.        B - amulet of reflection Stlth
                     C - +4 ring of protection
HPRegen 0.47/turn    Z - ring of willpower
MPRegen 0.10/turn

%: reflection
@: mighty, finesse-ful, flying, studying Air Magic, very slow
A: AC +5, large, see invisible, deformed body, poison resistance, slowness 2,
spit poison 1, naga tail 2, subdued magic 1
a: Spit Poison, Renounce Religion, Heroism, Finesse, Duel


You were on level 3 of the Elven Halls.
You worshipped Okawaru.
Okawaru was extremely pleased with you.
You visited 6 branches of the dungeon, and saw 26 of its levels.

You collected 2630 gold pieces.
You spent 1449 gold pieces at shops.

Inventory:

Hand Weapons
 a - a +2 war axe of venom
 E - a +3 flail of protection
 N - a +1 broad axe of electrocution
 P - the +5 war axe "Taucze" (weapon) {antimagic, SInv}
   (You bought it in a shop on level 9 of the Dungeon)

   SInv:      It lets you see invisible.
Missiles
 u - 3 throwing nets
 x - 11 javelins
Armour
 g - a +0 pair of gloves (worn)
 j - the +0 barding of the Plum (worn) {rF+++ Int-4 Slay+5 Stlth-}
   (You acquired it on level 2 of the Dungeon)

   Int:       It affects your intelligence (-4).
   Slay:      It affects your accuracy & damage with ranged weapons and melee
   (+5).
   rF:        It renders you almost immune to fire.
   Stlth:     It makes you less stealthy.
 k - the scarf of Otykhaud {repulsion, rPois Int+2}
   (Okawaru gifted it to you on level 3 of the Lair of Beasts)

   Int:       It affects your intelligence (+2).
   rPois:     It protects you from poison.
 v - a +1 ring mail of cold resistance (worn)
 A - the +0 cloak of the Aged Princes (worn) {Fly Will+ Int+4 Slay+2}
   (You found it on level 4 of the Dungeon)

   Int:       It affects your intelligence (+4).
   Slay:      It affects your accuracy & damage with ranged weapons and melee
   (+2).
   Fly:       It grants you flight.
   Will:      It increases your willpower.
 F - a +2 plate armour of cold resistance
 Q - a +1 helmet (worn)
 V - a +2 kite shield (worn)
 W - the +0 ring mail "Lora Tas" {Str+2}
   (You took it off a gnoll sergeant on level 8 of the Dungeon)

   Str:       It affects your strength (+2).
 X - the +3 barding "Hoowk" {rC+ Int+6}
   (Okawaru gifted it to you on level 2 of the Lair of Beasts)

   Int:       It affects your intelligence (+6).
   rC:        It protects you from cold.
Jewellery
 o - an amulet of the acrobat
 p - a ring of protection from cold
 B - an amulet of reflection (around neck)
 C - a +4 ring of protection (left hand)
 G - a ring of positive energy
 K - a ring of resist corrosion
 U - the ring "Tinair" {*Slow Dex+4 Slay+4}
   (You took it off a gnoll on level 8 of the Dungeon)

   [ring of slaying]

   Dex:       It affects your dexterity (+4).
   Slay:      It affects your accuracy & damage with ranged weapons and melee
   (+4).
   *Slow:     It may slow you when you take damage.
 Z - a ring of willpower (right hand)
Wands
 n - a wand of roots (22)
 q - a wand of flame (48)
 H - a wand of digging (5)
 M - a wand of mindburst (3)
Scrolls
 b - a scroll of amnesia
 c - 2 scrolls of fear
 e - 2 scrolls of torment
 h - 2 scrolls of fog
 w - 3 scrolls of teleportation
 I - 2 scrolls of vulnerability
 J - 2 scrolls of identify
 O - 4 scrolls of brand weapon
 R - 3 scrolls of immolation
 S - 2 scrolls of poison
 T - 2 scrolls of enchant weapon
 Y - a scroll of blinking
Potions
 d - 6 potions of might
 f - 11 potions of curing
 i - 3 potions of berserk rage
 l - 3 potions of heal wounds
 m - 5 potions of attraction
 r - a potion of invisibility
 s - 3 potions of resistance
 t - 2 potions of magic
 y - a potion of haste
 z - 4 potions of brilliance
 D - a potion of cancellation
 L - 2 potions of ambrosia


   Skills:
 + Level 12.9 Fighting
 + Level 12.5 Axes
 * Level 12.3 Armour
 * Level 14.6 Dodging
 - Level 9.7 Shields
 + Level 8.8 Invocations


You had 16 spell levels left.
You didn't know any spells.
Your spell library contained the following spells:

 Spells                   Type           Power      Damage    Failure   Level
 Freeze                   Ice            0%         1d3       67%         1
 Sandblast                Erth           0%         2d4       67%         1
 Blink                    Tloc           0%         N/A       80%         2
 Ensorcelled Hibernation  Hex/Ice        0%         N/A       80%         2
 Lesser Beckoning         Tloc           0%         N/A       80%         2
 Passwall                 Tmut/Erth      0%         N/A       80%         2
 Dazzling Flash           Conj/Hex       0%         N/A       96%         3
 Frozen Ramparts          Ice            0%         1d1       96%         3
 Gell's Gravitas          Tloc           0%         N/A       96%         3
 Hailstorm                Conj/Ice       0%         3d3       96%         3
 Spider Form              Tmut/Pois      0%         N/A       96%         3
 Stone Arrow              Conj/Erth      0%         3d7       96%         3
 Teleport Other           Tloc           0%         N/A       96%         3
 Vhi's Electric Charge    Tloc/Air       0%         N/A       96%         3
 Volatile Blastmotes      Fire/Tloc      0%         2d10      96%         3
 Anguish                  Hex/Necr       0%         N/A       100%        4
 Iskenderun's Mystic Bla  Conj/Tloc      0%         2d3       100%        4
 Manifold Assault         Tloc           0%         N/A       100%        4
 Passage of Golubria      Tloc           0%         N/A       100%        4
 Petrify                  Tmut/Erth      0%         N/A       100%        4
 Agony                    Necr           0%         N/A       100%        5
 Arcjolt                  Conj/Air       0%         1d10      100%        5
 Silence                  Hex/Air        0%         N/A       100%        5
 Yara's Violent Unravell  Hex/Tmut       0%         3d3       100%        5
 Conjure Ball Lightning   Conj/Air       0%         3x3d6     100%        6
 Plasma Beam              Fire/Air       0%         2x1d11    100%        6
 Starburst                Conj/Fire      0%         6d3       100%        6
 Storm Form               Tmut/Air       0%         N/A       100%        7
 Discord                  Hex            0%         N/A       100%        8
 Disjunction              Tloc           0%         N/A       100%        8
 Lehudib's Crystal Spear  Conj/Erth      0%         10d2      100%        8
 Maxwell's Capacitive Co  Air            0%         ∞         100%        8
 Tukima's Dance           Hex            Unusable   N/A       N/A         3
 Animate Armour           Summ/Erth      Unusable   N/A       N/A         4

Dungeon Overview and Level Annotations

Branches:
Dungeon (14/15)            Temple (1/1) D:6            Lair (5/5) D:9
  Swamp (0/4) Lair:2        Snake (1/4) Lair:2        Slime (0/5) Lair:4
    Orc (2/2) D:12            Elf (3/3) Orc:2        Vaults (0/5) D:13

Altars:
Ashenzari
Cheibriados
Dithmenos
Elyvilon
Fedhas
Gozag
Hepliaklqana
Kikubaaqudgha
Makhleb
Nemelex Xobeh
Okawaru
Qazlal
Ru
Sif Muna
Trog
Uskayaw
Vehumet
Wu Jian
Xom
Yredelemnul
Zin
The Shining One
Jiyva

Shops:
D:2 *   D:9 (   Orc:2 *[**   Elf:3 (

Annotations:
D:4 3 runed translucent doors, GrimJard's ghost, novice DsNe
Lair:5 exclusion: obsidian statue
Snake:1 Rupert
Elf:2 3 runed translucent doors, exclusion: 3 doors


Innate Abilities, Weirdness & Mutations

Your serpentine skin is tough. (AC +5)
You have supernaturally acute eyesight. (SInv)
Armour fits poorly on your strangely shaped body.
Your system is resistant to poisons. (rPois)
You cover ground very slowly.
You can spit poison.
You can use your snake-like lower body to constrict enemies.
Your spells are a little easier to cast, but a little less powerful.


Message History

You completely miss the deep elf annihilator.
You block the deep elf annihilator's attack.
The deep elf death mage falters for a moment.
You miss the deep elf annihilator. You grab the deep elf annihilator.
The deep elf annihilator is severely wounded.
You slash the deep elf death mage!
The deep elf death mage's magic leaks into the air.
You constrict the deep elf annihilator.
You feel sick.
Unknown command.
You slice the deep elf annihilator!!
You kill the deep elf annihilator!
Okawaru accepts your kill.
You slash the deep elf death mage!
You kill the deep elf death mage!
Okawaru accepts your kill.
The deep elf annihilator points at you and mumbles some strange words.
The bolt of lightning hits you!!!
* * * LOW HITPOINT WARNING * * *
You hear a shout! x9
Blink to where?
Press: ? - help, Dir - move target
As you read the scroll of blinking, it crumbles to dust.
You feel sick.
You are no longer poisoned.
The deep elf zephyrmancer casts a spell.
The deep elf zephyrmancer blinks!
You feel like a meek peon again.
The deep elf annihilator gestures wildly while chanting.
The deep elf annihilator blinks!
There is an open door here.
You reach down and close the door.
There is an open door here.
As you close the door, pushing everything out of the way, it creaks loudly!
There is an open door here.
You see here an elf skeleton.
You reach down and open the door.
You reach down and close the door.
Something unseen breaks down the door.
The deep elf annihilator points at you and mumbles some strange words.
The bolt of lightning hits you!!!
You die...

.....####..~≈##...##≈≈~≈≈≈≈≈≈≈~~≈
.....'....~≈##.....##############
.....###..~≈#.......e............
.....# #..~~#.......#...^...§....
...'## #..~~#.......#'#######'###
####.###..~~##.....##...#........
##.##)..~~##...##....'.)..)..§
##.#...~≈≈##÷##.....#.....))§
##.....~≈#.@+...###########)
##### ##....~≈#.)#...# ## #...##
#....≈≈#..#'###
.....###....~≈#..#...#
.PPP..##....≈≈#..#...#
.P8...##....~≈#..#...#
......'.....~≈#..#...#
.)...###....~≈#..#...# #...##
#....≈≈#..#...#


You could see a deep elf annihilator.

Vanquished Creatures
  Jorgrun (Snake:1)
  A deep elf blademaster (Elf:3)
  A deep elf master archer (Elf:3)
  Kirke (Lair:4)
  4 deep elf sorcerers (Elf:3)
  2 deep elf elementalists
  2 deep elf demonologists (Elf:3)
  5 dire elephants (Lair:5)
  6 deep elf annihilators (Elf:3)
  6 deep elf death magi (Elf:3)
  2 deep elf high priests (Elf:3)
  A rakshasa (D:14)
  3 hydras
  A catoblepas (Lair:4)
  A death knight (D:13)
  12 dancing weapons
  6 death yaks
  4 two-headed ogres
  4 boulder beetles
  5 orc high priests (Orc:2)
  Urug (Lair:3)
  8 deep elf knights
  A shock serpent (Lair:2)
  Nergalle (D:12)
  A skyshark (Lair:5)
  The ghost of MrClown the Reanimator, a novice DsNe (D:8)
  14 deep elf archers
  A spectral anaconda (Lair:5)
  A lindwurm (Lair:1)
  27 deep elf zephyrmancers
  3 necromancers (Lair:5)
  7 orc knights
  17 deep elf pyromancers
  7 ugly things
  3 orc sorcerers
  2 cyclopes
  A shining eye (shapeshifter) (D:13)
  24 elephants
  Joseph (D:8)
  A guardian serpent (shapeshifter) (D:13)
  4 black mambas
  An eye of devastation (shapeshifter) (Elf:2)
  A water nymph (shapeshifter) (Elf:2)
  2 gargoyles
  An unseen horror (D:11)
  12 cane toads
  3 rime drakes
  6 komodo dragons
  3 kobold demonologists (D:12)
  2 komodo dragons (shapeshifter)
  3 freezing wraiths (Elf:2)
  8 trolls
  2 polar bears
  A hornet (D:9)
  4 blink frogs (Lair:5)
  A blink frog (shapeshifter) (D:13)
  2 spectral elephants (Lair:5)
  5 dream sheep (Lair:5)
  An air elemental (Elf:1)
  A shadow (D:11)
  4 water elementals
  A dire elephant simulacrum (Lair:5)
  2 wraiths
  46 yaks
  7 wyverns
  5 humans
  6 basilisks
  A vampire (D:13)
  2 hogs (Lair:4)
  4 fire elementals
  A steam dragon (D:7)
  7 vampire mosquitoes
  A death yak simulacrum (Lair:5)
  A spectral cane toad (Lair:5)
  5 wargs
  3 nagas (Lair:2)
  2 acid dragons
  2 swamp worms (Lair:2)
  8 water moccasins
  5 black bears
  34 orc warriors
  3 ice beasts
  3 sky beasts
  An elephant zombie (Lair:5)
  2 ogres
  6 centaurs
  2 phantoms
  2 kobold brigands
  5 gnoll sergeants
  13 bullfrogs
  4 earth elementals
  2 scorpions (D:7)
  4 wights
  2 elephant simulacra (Lair:5)
  3 killer bees (D:7)
  An electric eel (Elf:3)
  2 howler monkeys
  39 orc priests
  4 jellies
  A gnoll bouda (D:8)
  8 hounds
  12 hell rats
  4 iguanas
  17 orc wizards
  15 gnolls
  10 adders
  5 river rats (Lair:1)
  3 shadow imps
  A white imp (D:7)
  4 worms
  2 dart slugs (D:3)
  70 orcs
  18 endoplasms
  A giant cockroach (D:4)
  5 goblins
  9 hobgoblins
  17 kobolds
  3 quokkas
  6 ball pythons
  6 bats
  5 frilled lizards
  16 rats
736 creatures vanquished.

Vanquished Creatures (others)
  3 deep elf knights
  A fire elemental (Elf:3)
  2 gnolls (D:8)
  37 fungi
  58 plants
  8 toadstools (D:2)
  29 withered plants (Lair:5)
138 creatures vanquished.

Grand Total: 874 creatures vanquished

Notes
Turn   | Place    | Note
-------+----------+-------------------------------------------
     0 | D:1      | graymark the Naga Fighter began the quest for the Orb.
     0 | D:1      | Reached XP level 1. HP: 21/21 MP: 1/1
   118 | D:1      | Reached XP level 2. HP: 28/28 MP: 2/2
   770 | D:2      | Reached skill level 1 in Dodging
   770 | D:2      | Reached XP level 3. HP: 14/34 MP: 3/3
   848 | D:2      | Found a faded altar of an unknown god.
  1107 | D:2      | Found Pidwusov's General Store.
  1348 | D:2      | Identified a scroll of acquirement
  1348 | D:2      | Acquired the +0 barding of the Plum {rF+++ Int-4 Slay+5
                  | Stlth-}
  1565 | D:2      | Reached XP level 4. HP: 40/42 MP: 4/4
  1702 | D:2      | Reached skill level 2 in Dodging
  1840 | D:3      | Reached XP level 5. HP: 45/49 MP: 5/5
  1885 | D:3      | Found an ornate altar of the Wu Jian Council.
  2772 | D:4      | Found a bloodstained altar of Trog.
  2775 | D:4      | Found a stormy altar of Qazlal.
  2867 | D:4      | Reached XP level 6. HP: 54/57 MP: 6/6
  2878 | D:4      | Found a runed translucent gate.
  2878 | D:4      | Found a runed translucent gate.
  2878 | D:4      | Found a runed translucent gate.
  2879 | D:4      | Noticed GrimJard's ghost (novice DsNe)
  2881 | D:4      | Identified the +0 cloak of the Aged Princes {Fly Will+
                  | Int+4 Slay+2}
  3068 | D:4      | Reached skill level 3 in Dodging
  3369 | D:5      | Entered Level 5 of the Dungeon
  3421 | D:5      | Noticed an ice beast
  3433 | D:5      | Killed an ice beast
  3434 | D:5      | Reached XP level 7. HP: 60/64 MP: 7/7
  3727 | D:5      | Reached skill level 4 in Dodging
  3727 | D:5      | Reached XP level 8. HP: 68/73 MP: 8/8
  4216 | D:6      | Found a staircase to the Ecumenical Temple.
  4352 | Temple   | Entered the Ecumenical Temple
  4915 | D:7      | Reached skill level 5 in Fighting
  4936 | D:7      | Found an iron altar of Okawaru.
  4979 | D:7      | Became a worshipper of Warmaster Okawaru
  5037 | D:7      | Found a burning altar of Makhleb.
  5164 | D:7      | Reached skill level 5 in Dodging
  5179 | D:7      | Reached XP level 9. HP: 72/81 MP: 9/9
  5287 | D:7      | Reached skill level 5 in Shields
  5334 | D:7      | Reached skill level 5 in Axes
  5334 | D:7      | Reached * piety under Okawaru
  5356 | D:7      | Found a broken altar of Ashenzari.
  5380 | D:7      | Identified the +2 robe "Modiunae" {rElec Dex+2}
  5534 | D:7      | Reached skill level 6 in Dodging
  5569 | D:7      | Reached skill level 5 in Armour
  5638 | D:7      | Reached ** piety under Okawaru
  5928 | D:7      | Found an opulent altar of Gozag.
  6085 | D:8      | Reached XP level 10. HP: 88/91 MP: 10/10
  6151 | D:8      | Identified the +0 ring mail "Lora Tas" {Str+2}
  6199 | D:8      | Found a transporter.
  6205 | D:8      | Found a transporter.
  6224 | D:8      | You are sucked into a shaft and drop 2 floors!
  6224 | D:10     | Entered Level 10 of the Dungeon
  6538 | D:8      | Reached skill level 7 in Dodging
  6580 | D:8      | Reached *** piety under Okawaru
  6824 | D:8      | Noticed Joseph
  6835 | D:8      | Killed Joseph
  7014 | D:8      | Noticed MrClown's ghost (novice DsNe)
  7041 | D:8      | Identified the ring "Tinair" {*Slow Dex+4 Slay+4}
  7285 | D:8      | Killed MrClown's ghost
  7523 | D:9      | Reached **** piety under Okawaru
  7574 | D:9      | Reached skill level 8 in Dodging
  7622 | D:9      | Found a staircase to the Lair.
  7672 | D:9      | Reached XP level 11. HP: 100/100 MP: 11/11
  7703 | D:9      | Found Oschuxova's Antique Weapon Emporium.
  7708 | D:9      | Bought a pitted war axe for 238 gold pieces
  7708 | D:9      | Identified the +5 war axe "Taucze" {antimagic, SInv} (You
                  | bought it in a shop on level 9 of the Dungeon)
  7720 | D:9      | Found the +4 robe of Augmentation {Str+4 Int+4 Dex+4}
  7829 | D:9      | Gained mutation: You sometimes lose your temper in combat.
                  | [potion of mutation]
  7829 | D:9      | Lost mutation: You sometimes lose your temper in combat.
                  | [potion of mutation]
  8076 | D:9      | Found a white marble altar of Elyvilon.
  8140 | Lair:1   | Entered Level 1 of the Lair of Beasts
  8150 | Lair:1   | Noticed a lindwurm
  8163 | Lair:1   | Killed a lindwurm
  8799 | Lair:1   | Reached ***** piety under Okawaru
  9219 | D:9      | Bought a runed flail for 182 gold pieces
  9249 | Lair:2   | Noticed a death yak
  9263 | Lair:2   | Killed a death yak
  9529 | Lair:2   | Reached skill level 9 in Dodging
  9678 | Lair:2   | Found a staircase to the Snake Pit.
  9686 | Lair:2   | Identified the +3 barding "Hoowk" {rC+ Int+6} (Okawaru
                  | gifted it to you on level 2 of the Lair of Beasts)
  9686 | Lair:2   | Received a gift from Okawaru
  9908 | Lair:2   | Reached XP level 12. HP: 72/112 MP: 4/12
 10177 | Lair:2   | Noticed a death yak
 10177 | Lair:2   | Noticed a death yak
 10184 | Lair:2   | Noticed a death yak
 10185 | Lair:2   | Noticed a death yak
 10189 | Lair:2   | Killed a death yak
 10202 | Lair:2   | Killed a death yak
 10208 | Lair:2   | Killed a death yak
 10216 | Lair:2   | Killed a death yak
 10427 | Lair:2   | Noticed an eight-headed hydra
 10442 | Lair:2   | Killed an eight-headed hydra
 10460 | Lair:2   | Noticed an eight-headed hydra
 10680 | Lair:2   | Killed an eight-headed hydra
 10715 | Lair:2   | Reached skill level 10 in Dodging
 10715 | Lair:2   | Reached skill level 1 in Invocations
 10957 | Lair:2   | Found a staircase to the Swamp.
 11328 | Lair:3   | Received a gift from Okawaru
 11453 | Lair:3   | Noticed a boulder beetle
 11469 | Lair:3   | Killed a boulder beetle
 11723 | Lair:3   | Gained mutation: You can use your snake-like lower body to
                  | constrict enemies. [Naga growth]
 11723 | Lair:3   | Reached XP level 13. HP: 117/121 MP: 5/15
 11880 | Lair:3   | Reached ****** piety under Okawaru
 12051 | Lair:3   | Identified the scarf of Otykhaud {repulsion, rPois Int+2}
                  | (Okawaru gifted it to you on level 3 of the Lair of Beasts)
 12051 | Lair:3   | Received a gift from Okawaru
 12140 | Lair:3   | Noticed Urug
 12149 | Lair:3   | Killed Urug
 12628 | Lair:4   | Reached skill level 11 in Dodging
 12896 | Lair:4   | Noticed Kirke
 12909 | Lair:4   | Noticed a sphinx
 12917 | Lair:4   | Killed Kirke
 12995 | Lair:4   | Got the Catalogue of the Glowing Storm
 13018 | Lair:4   | Found a staircase to the Slime Pits.
 13018 | Lair:4   | Found a viscous altar of Jiyva.
 13644 | Lair:5   | Entered Level 5 of the Lair of Beasts
 13654 | Lair:4   | Reached skill level 5 in Invocations
 13705 | Lair:5   | Reached skill level 10 in Fighting
 14073 | Lair:5   | Reached skill level 10 in Axes
 14231 | Lair:5   | Received a gift from Okawaru
 14551 | Lair:5   | Reached XP level 14. HP: 115/132 MP: 6/18
 14943 | Lair:5   | Noticed a dire elephant
 14943 | Lair:5   | Noticed a dire elephant
 14943 | Lair:5   | Noticed a dire elephant
 14943 | Lair:5   | Noticed a dire elephant
 14991 | Lair:5   | Noticed a dire elephant
 15017 | Lair:5   | Killed a dire elephant
 15410 | Lair:5   | Killed a dire elephant
 15411 | Lair:5   | Reached skill level 12 in Dodging
 15729 | Lair:5   | Killed a dire elephant
 16353 | Lair:5   | Killed a dire elephant
 17242 | Lair:5   | Killed a dire elephant
 18802 | D:11     | Received a gift from Okawaru
 20007 | D:12     | Found a staircase to the Orcish Mines.
 20130 | D:12     | Noticed Nergalle
 20139 | D:12     | Killed Nergalle
 20781 | Orc:1    | Entered Level 1 of the Orcish Mines
 21244 | Orc:2    | Entered Level 2 of the Orcish Mines
 21328 | Orc:2    | Reached XP level 15. HP: 142/142 MP: 6/20
 21852 | Orc:2    | Found a staircase to the Elven Halls.
 23089 | Orc:2    | Found Yfial's Antique Armour Boutique.
 23089 | Orc:2    | Found Homy's Assorted Antiques.
 23090 | Orc:2    | Found Useson's General Store.
 23090 | Orc:2    | Found Jadgh's General Store.
 23103 | Orc:2    | Bought a potion of might for 140 gold pieces
 23103 | Orc:2    | Bought a potion of curing for 105 gold pieces
 23103 | Orc:2    | Bought a potion of might for 140 gold pieces
 23103 | Orc:2    | Bought a scroll of blinking for 262 gold pieces
 23103 | Orc:2    | Bought a scroll labelled QOUNETEURU for 35 gold pieces
 23103 | Orc:2    | Bought a dazzling ring mail for 315 gold pieces
 23103 | Orc:2    | Identified the +0 ring mail of Grace {Rampage Str+2 Dex+5}
                  | (You bought it in a shop on level 2 of the Orcish Mines)
 23104 | Orc:2    | Bought a scroll of identify for 32 gold pieces
 23287 | Snake:1  | Entered Level 1 of the Snake Pit
 23292 | Snake:1  | Noticed Jorgrun
 23309 | Snake:1  | Killed Jorgrun
 23310 | Snake:1  | Reached skill level 10 in Armour
 23463 | Snake:1  | Noticed Rupert
 23844 | D:13     | Received a gift from Okawaru
 23848 | D:13     | Gained mutation: Your spells are a little easier to cast,
                  | but a little less powerful. [a shining eye]
 23862 | D:13     | Found a gate to the Vaults.
 24877 | D:13     | Reached skill level 13 in Dodging
 25113 | Elf:1    | Entered Level 1 of the Elven Halls
 25269 | Elf:1    | Noticed a deep elf elementalist
 25280 | Elf:1    | Killed a deep elf elementalist
 25286 | Elf:1    | Received a gift from Okawaru
 25535 | Elf:1    | Paralysed by an air elemental for 1 turns
 25538 | Elf:1    | Paralysed by an air elemental for 1 turns
 26277 | Elf:1    | Identified the +9 mace "Uheociash" {spect, Will+ Str+6
                  | Dex+3}
 27001 | Elf:1    | Reached XP level 16. HP: 44/152 MP: 7/21
 27842 | Elf:2    | Identified the +1 barding of the Constellations {Harm Will-
                  | Int+6 SInv} (Okawaru gifted it to you on level 2 of the
                  | Elven Halls)
 27842 | Elf:2    | Received a gift from Okawaru
 27918 | Elf:2    | Found a runed translucent gate.
 27918 | Elf:2    | Found a runed translucent gate.
 27918 | Elf:2    | Found a runed translucent gate.
 27968 | Elf:2    | Found a radiant altar of Vehumet.
 28710 | Elf:3    | Entered Level 3 of the Elven Halls
 29181 | Elf:2    | Reached skill level 14 in Dodging
 29401 | Elf:3    | Found Ytousagu's Weapon Boutique.
 29901 | Elf:3    | Found a radiant altar of Vehumet.
 30984 | Elf:3    | Received a gift from Okawaru
 31099 | Elf:3    | Noticed a deep elf blademaster
 31111 | Elf:3    | Killed a deep elf blademaster
 31129 | Elf:3    | Noticed an Ice Fiend
 31149 | Elf:3    | Reached XP level 17. HP: 117/162 MP: 7/23
 31456 | Elf:3    | Noticed a deep elf master archer
 31458 | Elf:3    | Noticed a deep elf master archer
 31467 | Elf:3    | Killed a deep elf master archer
 31598 | Elf:3    | Identified the +1 robe of an ossuary {Harm rElec Will++}
 31599 | Elf:3    | Identified the ring of Bakk {Ice Dex+3}
 31639 | Elf:3    | Killed from afar by a deep elf annihilator

Illustrated notes

Levels and vault maps discovered:
D:1:      giann_bridges, layout_basic, chequers_serial_rivers_small_b,
          chequers_arboretum, serial_bayou_lake_a
D:2:      cheibrodos_fertilizer, layout_loops_ring,
          hellmonk_ecumenical_altar_lost_god, serial_shops, shop,
          amethyst_killhole, minmay_3d_cube
D:3:      layout_loops_corners, mainiacjoe_overflow_alcove_1,
          minmay_misc_feat_hallway, minmay_fractal_squares_5
D:4:      layout_basic, nicolae_overflow_squiral, ebering_ghost_rock_garden
D:5:      layout_basic
D:6:      layout_rooms, temple_fountains
D:7:      minmay_bubble_buster, layout_basic, mainiacjoe_overflow_catwalk,
          mainiacjoe_overflow_swirl, minmay_ruined_shrine
D:8:      layout_loops_cross, gammafunk_ghost_gnarly_gnolls, uniq_joseph
D:9:      layout_basic, lemuel_coloured_pillars_altar, david_lair_generic,
          serial_shops, shop
D:10:     layout_gridville, minmay_strange_pillars
D:11:     layout_grid_maze
D:12:     layout_basic, erik_orc_4, uniq_nergalle
D:13:     layout_loops_ring, david_vaults_2
D:14:     minmay_four_partial_circles, layout_irregular_city,
          minmay_misc_feat_roman, serial_shops, shop, serial_park_tiny_2,
          cheibriados_altar_1
Temple:   nicolae_temple_bog_church
Lair:1:   layout_small_grid, kennysheep_abandoned_house
Lair:2:   layout_roguey, palyth_hydra_swamp_entry, guppyfry_snake_entry_garden,
          patterned_corridor, grunt_megastairs_1
Lair:3:   layout_layer_cave, uniq_urug
Lair:4:   layout_regular_city, nicolae_slime_entry_slimehenge, uniq_kirke
Lair:5:   due_jungle_book, layout_layer_cave, lemuel_fruit_tree,
          serial_bayou_shore_b
Snake:1:  kennysheep_snake, layout_misc_corridors, nicolae_snake_gridmaze_tees,
          grunt_megastairs_3, uniq_aizul, uniq_rupert, uniq_jorgrun, uniq_louise
Orc:1:    layout_caves
Orc:2:    st_orc_pillars, layout_diamond_mine
Elf:1:    layout_gridlike, hangedman_corner_corridor, minivault_11
Elf:2:    nicolae_elf_blades_splatter_lattice [nicolae_blade_lattice],
          layout_geoelf_grid, portal_ice_cave_entry_horrid_things, basic_altar,
          amcnicky_mini_corridor_feature
Elf:3:    elf_hall, layout_geoelf_castle, basic_altar, serial_shops,
          nicolae_shop_bloodbath_and_beyond, grunt_ministairs_14

Skill      XL: |  1  2  3  4  5  6  7  8  9 10 11 12 13 14 15 16 |
---------------+-------------------------------------------------+-----
Dodging        | 1 2 3 4 5 6 8 9 10 11 12 13 14 | 14.6
Shields        | 3 4 5 6 7 8 9 |  9.7
Armour         | 3 4 5 6 7 8 9 10 12 | 12.3
Axes           | 3 4 5 6 8 9 10 11 12 | 12.5
Fighting       | 4 5 6 7 8 9 10 11 12 | 12.9
Invocations    | 3 5 7 8 |  8.8

Action                     |  1- 3 |  4- 6 |  7- 9 | 10-12 | 13-15 | 16-18 || total
---------------------------+-------+-------+-------+-------+-------+-------++-------
  Melee: War axe           |    89 |   131 |   204 |   522 |  1063 |   345 ||  2354
         Flail             |       |       |       |    18 |     5 |       ||    23
         Constrict         |       |       |       |       |   203 |    82 ||   285
 Invoke: Heroism           |       |       |       |     7 |    10 |     4 ||    21
         Finesse           |       |       |       |     1 |     1 |     1 ||     3
Ability: Spit Poison       |     1 |     1 |     3 |     4 |     9 |     1 ||    19
  Evoke: Wand              |       |     4 |     1 |     2 |     6 |     2 ||    15
    Use: Scroll            |     5 |     3 |     8 |     6 |    14 |     3 ||    39
         Potion            |       |       |     1 |     6 |     7 |     2 ||    16
   Stab: Invisible         |       |       |       |       |     1 |       ||     1
 Armour: Scale mail        |    11 |       |       |       |       |       ||    11
         Ring mail         |    20 |    69 |   129 |   300 |   413 |   126 ||  1057
  Dodge: Dodged            |    39 |    37 |    69 |   171 |   311 |    69 ||   696
  Block: Buckler           |    15 |    36 |   114 |   134 |       |       ||   299
         Reflection        |       |       |     1 |     9 |    34 |    43 ||    87
         Kite shield       |       |       |       |   296 |   918 |   227 ||  1441

Table legend: (Time is in decaauts)
 A = Elapsed time spent in this place.
 B = Non-inter-level travel time spent in this place.
 C = Inter-level travel time spent in this place.
 D = Time resting spent in this place.
 E = Time spent auto-exploring this place.
 F = Levels seen in this place.
 G = Mean time per level.
                   A        B        C        D        E       F      G
               +--------+--------+--------+--------+--------+-----+--------+
         Total |  38978 |  36605 |   2373 |   8820 |  19235 |  26 | 1499.2 |
       Dungeon |  16139 |  15104 |   1035 |   1760 |  10507 |  14 | 1152.8 |
        Temple |    176 |    151 |     25 |      0 |    131 |   1 |  176.0 |
          Lair |  12143 |  11290 |    853 |   3071 |   5796 |   5 | 2428.6 |
     Snake Pit |     53 |     53 |      0 |     14 |      0 |   1 |   53.0 |
  Orcish Mines |   2984 |   2618 |    366 |    738 |   1246 |   2 | 1492.0 |
   Elven Halls |   7481 |   7390 |     91 |   3235 |   1553 |   3 | 2493.7 |
               +--------+--------+--------+--------+--------+-----+--------+

Top non-repeatable levels by time:
  Lair:5: 4571 daAuts
   Elf:3: 3049 daAuts
  Lair:2: 2843 daAuts
   Elf:1: 2422 daAuts
   Orc:2: 2124 daAuts
   Elf:2: 2010 daAuts
  Lair:3: 1722 daAuts
  Lair:1: 1589 daAuts
    D:11: 1587 daAuts
    D:13: 1467 daAuts
     D:8: 1461 daAuts
    D:12: 1454 daAuts
  Lair:4: 1416 daAuts
     D:9: 1412 daAuts
     D:2: 1381 daAuts
